 Dungeon Crawl Stone Soup version 0.30-a0-738-g116ff8c4af (webtiles) character file.

Game seed: 10684923314796340573

241 kae the Digger (level 6, 0/32 HPs)
             Began as a Gargoyle Earth Elementalist on Feb 3, 2023.
             Slain by Grinder the hellwing (2 damage)
             ... on level 3 of the Dungeon.
             The game lasted 00:03:37 (2353 turns).

kae the Digger (Gargoyle Earth Elementalist)        Turns: 2353, Time: 00:03:38

Health: 0/32       AC:  8    Str: 11    XL:     6   Next: 8%
Magic:  7/11       EV: 11    Int: 18    God:
Gold:   86         SH:  0    Dex: 10    Spells: 6/12 levels left

rFire   . . .      SeeInvis .    (no weapon)
rCold   . . .      Faith    .    (no shield)
rNeg    + . .      Spirit   .    a - +0 robe
rPois   ∞          Reflect  .    d - +1 helmet
rElec   +          Harm     .    (no cloak)
rCorr   .          Rampage  .    (no gloves)
Will    .....                    (no boots)
Stlth   ++                       (no amulet)
HPRegen 0.25/turn                (no ring)
MPRegen 0.12/turn                (no ring)

@: no status effects
A: sickness immunity, AC +4, negative energy resistance 1, electricity
resistance, torment resistance 1, petrification resistance
a: no special abilities


You were on level 3 of the Dungeon.
You visited 1 branch of the dungeon, and saw 3 of its levels.

You collected 124 gold pieces.
You spent 38 gold pieces at shops.


Innate Abilities, Weirdness & Mutations

You are immune to sickness and miasma.
Your stone body is resilient. (AC +4)
You are immune to poison.
You resist negative energy. (rN+)
You are resistant to electric shocks. (rElec)
You are resistant to unholy torment.
You are immune to petrification.


   Skills:
 - Level 1.5 Dodging
 - Level 2.1 Stealth
 + Level 3.5 Spellcasting
 * Level 0.4 Conjurations
 - Level 0.7 Transmutations
 * Level 6.8 Earth Magic


You had 6 spell levels left.
You knew the following spells:

 Your Spells              Type           Power      Damage    Failure   Level
a - Sandblast             Erth           54%        2d13      1%          1
b - Stone Arrow           Conj/Erth      32%        3d9       11%         3
c - Passwall              Tmut/Erth      13%        N/A       4%          2

Your spell library contained the following spells:

 Spells                   Type           Power      Damage    Failure   Level
 Apportation              Tloc           6%         N/A       16%         1
 Necrotise                Necr           12%        1d4       16%         1
 Summon Small Mammal      Summ           12%        N/A       16%         1
 Petrify                  Tmut/Erth      16%        N/A       32%         4
 Animate Armour           Summ/Erth      30%        N/A       36%         4
 Hailstorm                Conj/Ice       3%         3d3       38%         3
 Ignite Poison            Fire/Tmut/Pois 4%         N/A       38%         3
 Inner Flame              Hex/Fire       3%         N/A       43%         3
 Kindle Blastsparks       Fire/Tloc/Air  6%         2d10      43%         3
 Ice Form                 Ice/Tmut       4%         N/A       78%         4
 Flame Wave               Conj/Fire      3%         2d5       80%         4
 Sticky Flame             Conj/Fire      3%         2d3       80%         4
 Freezing Cloud           Conj/Ice/Air   1%         6-21      99%         5
 Simulacrum               Ice/Necr       1%         N/A       100%        6
 Lehudib's Crystal Spear  Conj/Erth      8%         10d3      100%        8

Inventory:

Missiles
 i - a throwing net {=f!f}
 n - 14 stones
Armour
 a - a +0 robe (worn)
 d - a +1 helmet (worn)
   (You found it on level 1 of the Dungeon)
Wands
 f - a wand of polymorph (8)
   (You found it on level 3 of the Dungeon)
Scrolls
 l - a scroll of identify {@r1}
Potions
 b - a potion of magic
 c - a potion of ambrosia {unknown}
 e - a potion of haste {unknown}
 g - a potion of degeneration {!q}
 h - a potion of might {unknown}
 j - 4 potions of curing {unknown}
 k - 2 potions of mutation {unknown}

Dungeon Overview and Level Annotations

Branches:
Dungeon (3/15) Zot: 15575

Altars:

Shops:
D:2 *

Annotations:
D:2 1 runed translucent door, Crazy Yiuf
D:3 Grinder

#.# #)# .. #.# ##.#
...#.# ... ..# ...#.#
... ..# ### #.##.###
.... #.# .... #.##....
..... #.# .....
#.#.....
.....######.####......
#.#.####
..............@4......
+.....).
..........#.####......
#.#.#### ##.###.###.#
..... #.#.####
#>....)...# ####
#.#..... #.###.###.#
#.###### ####.###.#
#.### #.#.....
.........# #...#
#.#.####
....##########.#
###.#.#### . #......#
#.....#...


You could see Grinder the hellwing.


Message History

Okay, then.
Okay, then.
Casting: Sandblast (safe; 1% risk of failure)
Confirm with . or Enter, or press ? or * to list all spells.
Aiming: Sandblast (safe; 1% risk of failure)
Press: ? - help, Shift-Dir - straight line, f/p - adder
Aim: an adder (72% to hit)
The blast of sand hits the adder!!
You kill the adder! 😕 MP[-1]
You lost 1 mp, and now have 9/11 mp.
Aiming: Polymorph
Press: ? - help, Shift-Dir - straight line, f - Grinder
Aim: Grinder (will become a hellwing, an iron imp, or a crimson imp, chance to affect: 49%) Grinder resists with some effort.
Grinder closely misses you.
Aiming: Polymorph
Press: ? - help, Shift-Dir - straight line, f/p - Grinder
Aim: Grinder (will become a hellwing, an iron imp, or a crimson imp, chance to affect: 49%) Grinder resists with some effort.
Grinder says, "Wait up."
Grinder hits you! 😮 HP[-7]
You take 7 damage, and now have 24/32 hp.
MASSIVE DAMAGE!! (PAUSE) Unknown command.
Aiming: Polymorph
Press: ? - help, Shift-Dir - straight line, f/p - Grinder
Aim: Grinder (will become a hellwing, an iron imp, or a crimson imp, chance to affect: 49%) Grinder resists with some effort.
Grinder barely misses you.
Attack: -) Nothing wielded
Press: ? - help, Dir - move target, f/p - Grinder
Aim: Grinder (about 50% to evade your hands)
You barely miss Grinder. Grinder hits you. 😮 HP[-6]
You take 6 damage, and now have 18/32 hp.
Unknown command.
Unknown command.
Aiming: Polymorph
Press: ? - help, Shift-Dir - straight line, f/p - Grinder
Aim: Grinder (will become a hellwing, an iron imp, or a crimson imp, chance to affect: 49%) Grinder resists with some effort.
Grinder gestures at you.
You resist with significant effort. 😮 MP[+1]
Aiming: Polymorph
Press: ? - help, Shift-Dir - straight line, f/p - Grinder
Aim: Grinder (will become a hellwing, an iron imp, or a crimson imp, chance to affect: 49%) Grinder resists with some effort.
Grinder blinks! 😮 HP[+1]
Aiming: Polymorph
Press: ? - help, Shift-Dir - straight line, f/p - Grinder
Aim: Grinder (will become a hellwing, an iron imp, or a crimson imp, chance to affect: 49%) Grinder evaporates and reforms as a hellwing!
You close the door.
Grinder breaks down the door.
As you read the scroll labelled KECVO WYAKLO, it crumbles to dust.
It is a scroll of brand weapon.
You aren't carrying any weapons that can be branded.
Casting: Sandblast (safe; 1% risk of failure)
Confirm with . or Enter, or press ? or * to list all spells.
Aiming: Sandblast (safe; 1% risk of failure)
Press: ? - help, Shift-Dir - straight line, f/p - Grinder
Aim: Grinder the hellwing (83% to hit)
The blast of sand hits Grinder but does no damage.
Grinder barely misses you. Grinder misses you. 😮 HP[+1] MP[-1]
You lost 1 mp, and now have 9/11 mp.
Casting: Sandblast (safe; 1% risk of failure)
Confirm with . or Enter, or press ? or * to list all spells.
Aiming: Sandblast (safe; 1% risk of failure)
Press: ? - help, Shift-Dir - straight line, f/p - Grinder
Aim: Grinder the hellwing (83% to hit)
The blast of sand hits Grinder but does no damage.
Grinder says, "My boss said I was rubbish.
His entrails said otherwise."
Grinder hits you but does no damage. Grinder hits you.
* * * LOW HITPOINT WARNING * * *
Grinder hits you!
* * * LOW HITPOINT WARNING * * *
Grinder misses you. 😱 HP[-13] MP[-1]
You take 13 damage, and now have 7/32 hp.
MASSIVE DAMAGE!! (PAUSE)
You lost 1 mp, and now have 8/11 mp.
Casting: Sandblast (safe; 1% risk of failure)
Confirm with . or Enter, or press ? or * to list all spells.
Aiming: Sandblast (safe; 1% risk of failure)
Press: ? - help, Shift-Dir - straight line, f/p - Grinder
Aim: Grinder the hellwing (83% to hit)
The blast of sand hits Grinder but does no damage.
Grinder barely misses you. Grinder hits you but does no damage.
Unknown command.
Casting: Sandblast (safe; 1% risk of failure)
Confirm with . or Enter, or press ? or * to list all spells.
Aiming: Sandblast (safe; 1% risk of failure)
Press: ? - help, Shift-Dir - straight line, f/p - Grinder
Aim: Grinder the hellwing (83% to hit)
The blast of sand hits Grinder but does no damage.
Grinder closely misses you. Grinder hits you.
* * * LOW HITPOINT WARNING * * *
Grinder hits you.
You die...

Skill      XL: |  1  2  3  4  5 |
---------------+----------------+-----
Earth Magic    | 4 5 6 |  6.8
Spellcasting   | 3 |  3.5
Dodging        | |  1.5
Stealth        | |  2.1
Conjurations   | |  0.4
Transmutations | |  0.7

Action                     |  1- 3 |  4- 6 || total
---------------------------+-------+-------++-------
  Melee: Unarmed           |    15 |    64 ||    79
         Punch             |       |     2 ||     2
   Cast: Sandblast         |    42 |    85 ||   127
  Evoke: Wand              |       |     6 ||     6
    Use: Scroll            |       |     7 ||     7
 Armour: Robe              |    28 |    40 ||    68
  Dodge: Dodged            |    36 |    61 ||    97

Levels and vault maps discovered:
D:1:      roderic_dead_forest, layout_basic
D:2:      layout_rooms, serial_shops, shop, uniq_natasha, uniq_robin,
          uniq_crazy_yiuf_cottage
D:3:      kennysheep_slugbush, layout_basic, uniq_grinder

Notes
Turn   | Place    | Note
-------+----------+-------------------------------------------
     0 | D:1      | kae the Gargoyle Earth Elementalist began the quest for the
                  | Orb.
     0 | D:1      | Reached XP level 1. HP: 10/10 MP: 3/3
     0 | D:1      | magus.rc [v1.11.3]
    89 | D:1      | Reached skill level 4 in Earth Magic
    98 | D:1      | You pick up a book of Flames and begin reading...
    98 | D:1      | You add the spells Inner Flame, Sticky Flame and Flame Wave
                  | to your library.
   140 | D:1      | Reached XP level 2. HP: 15/15 MP: 3/5
   204 | D:1      | You fall into a shaft and drop 1 floor!
   304 | D:2      | Found Boolaewu's Assorted Antiques.
   379 | D:2      | Reached XP level 3. HP: 19/19 MP: 2/6
   383 | D:2      | Learned a level 3 spell: Stone Arrow
   386 | D:2      | Learned a level 2 spell: Passwall
   420 | D:2      | Identified the +6 dagger of Makhleb, Mashing {drain, rCorr
                  | Int+3}
   437 | D:2      | You pick up a book of Armaments and begin reading...
   437 | D:2      | You add the spells Animate Armour and Lehudib's Crystal
                  | Spear to your library.
   446 | D:2      | Bought an amethyst potion for 19 gold pieces
   446 | D:2      | Bought a cyan potion for 19 gold pieces
   490 | D:2      | Noticed Robin
   499 | D:2      | Reached skill level 5 in Earth Magic
   617 | D:2      | Reached XP level 4. HP: 24/24 MP: 2/8
   710 | D:2      | Killed Robin
   789 | D:2      | Found a runed translucent door.
   790 | D:2      | Noticed Crazy Yiuf
   844 | D:2      | Noticed Natasha
   851 | D:2      | Killed Natasha
   852 | D:2      | Reached skill level 3 in Spellcasting
  1281 | D:1      | Reached XP level 5. HP: 28/28 MP: 6/9
  1412 | D:1      | Reached skill level 6 in Earth Magic
  1801 | D:1      | You add the spells Kindle Blastsparks, Ignite Poison and
                  | Freezing Cloud to your library.
  1942 | D:3      | You pick up a book of Cantrips and begin reading...
  1942 | D:3      | You add the spells Necrotise, Summon Small Mammal and
                  | Apportation to your library.
  2111 | D:3      | You pick up a book of the Tundra and begin reading...
  2111 | D:3      | You add the spells Hailstorm, Ice Form and Simulacrum to
                  | your library.
  2186 | D:3      | Reached XP level 6. HP: 32/32 MP: 9/11
  2338 | D:3      | Noticed Grinder
  2347 | D:3      | Grinder changed into Grinder the hellwing
  2347 | D:3      | Noticed Grinder
  2351 | D:3      | HP: 7/32 [Grinder the hellwing (7)]
  2353 | D:3      | HP: 2/32 [Grinder the hellwing (6)]
  2353 | D:3      | Slain by Grinder the hellwing

Vanquished Creatures
  Natasha (D:2)
  Robin (D:2)
  4 gnolls
  4 adders
  An ufetubus (D:2)
  A worm (D:2)
  13 dart slugs
  7 bats
  6 endoplasms
  A giant cockroach (D:2)
  16 goblins
  9 hobgoblins
  9 jackals (D:1)
  A quokka (D:1)
  8 ball pythons
  4 frilled lizards
  3 kobolds
  5 rats
94 creatures vanquished.

Table legend:
 A = Non-vault XP
 B = Vault XP
 C = Vault XP percentage of total XP
 D = Non-vault monster count
 E = Vault monster count
 F = Vault count percentage of total count
                 A         B        C        D         E       F
            +---------+---------+-------+---------+---------+-------
      Total |     237 |     108 |  31.3 |      72 |      22 |  23.4
            +---------+---------+-------+---------+---------+-------
        D:1 |      62 |       0 |   0.0 |      35 |       0 |   0.0
        D:2 |      84 |      72 |  46.2 |      21 |      13 |  38.2
        D:3 |      91 |      36 |  28.3 |      16 |       9 |  36.0
            +---------+---------+-------+---------+---------+-------

Illustrated notes

Table legend:
 A = Kills in this place as a percentage of kills in entire the game.
 B = Kills by you in this place as a percentage of kills by you in the entire game.
 C = Kills by friends in this place as a percentage of kills by friends in the entire game.
 D = Other kills in this place as a percentage of other kills in the entire game.
 E = Experience gained in this place as a percentage of experience gained in the entire game.
 F = Experience gained in this place divided by the number of levels of this place that you have seen.
                   A       B       C       D       E      F
               +-------+-------+-------+-------+-------+----------------------
         Total | 100.0 | 100.0 |   N/A |   N/A | 100.0 | 115.0
       Dungeon | 100.0 | 100.0 |   N/A |   N/A | 100.0 | 115.0
               +-------+-------+-------+-------+-------+----------------------

Table legend: (Time is in decaauts)
 A = Elapsed time spent in this place.
 B = Non-inter-level travel time spent in this place.
 C = Inter-level travel time spent in this place.
 D = Time resting spent in this place.
 E = Time spent auto-exploring this place.
 F = Levels seen in this place.
 G = Mean time per level.
                   A        B        C        D        E       F      G
               +--------+--------+--------+--------+--------+-----+--------+
         Total |   2422 |   2367 |     55 |    178 |   1650 |   3 |  807.3 |
       Dungeon |   2422 |   2367 |     55 |    178 |   1650 |   3 |  807.3 |
               +--------+--------+--------+--------+--------+-----+--------+

Top non-repeatable levels by time:
     D:2: 1121 daAuts
     D:1: 972 daAuts
     D:3: 328 daAuts
